Map: Artillería pesada EE

Players

TATORREA

  • Race: Protoss Protoss
  • League: Gold
  • Spawn Location: 7:00

MrFercho

  • Race: Zerg Zerg
  • League: Silver
  • Spawn Location: 7:00

Sebaa - Winner!

  • Race: Terran Terran
  • League: Silver
  • Spawn Location: 3:00

Hanzo - Winner!

  • Race: Protoss Protoss
  • League: Platinum
  • Spawn Location: 1:00

VOD

Have the link to the VOD?

Description

Time

  • Played on: July 17, 2020, 9:05 p.m.
  • Length: 10:01
Show
View Real Time Build Order
Export as new Build Order

TATORREA Protoss 

Build Orders:  

Get SALT Encoding   

  12  0:01  Probe  
  13  0:13  Probe  
  14  0:25  Probe, Pylon  
  15  0:43  Probe  
  16  0:50  Gateway  
  16  0:52  Probe  
  17  1:00  Probe  
  17  1:05  Assimilator  
  17  1:09  Probe  
  18  1:15  Pylon  
  18  1:21  Probe  
  19  1:32  Probe  
  19  1:38  Assimilator  
  20  1:40  Probe  
  21  1:48  Probe  
  21  1:54  Nexus  
  22  2:00  Probe  
  23  2:07  Cybernetics Core  
  23  2:12  Probe  
  24  2:23  Gateway  
  24  2:24  Probe  
  25  2:36  Probe  
  26  2:37  Stalker  
  26  2:39  Pylon  
  26  2:43  Warp Gate  
  26  2:48  Probe  
  29  3:00  Probe  
  29  3:04  Robotics Facility  
  30  3:05  Probe  
  30  3:07  Pylon  
  31  3:16  Probe  
  32  3:26  Probe  
  33  3:35  Probe  
  33  3:36  Stargate  
  33  3:37  Stargate  
  33  3:41  Probe  
  35  3:47  Probe  
  36  3:53  Probe  
  37  4:06  Nexus  
  37  4:07  Immortal  
  41  4:14  Pylon  
  41  4:16  Pylon  
  41  4:17  Probe x2  
  43  4:29  Probe x2  
  45  4:41  Probe x2  
  45  4:44  Pylon  
  47  4:46  Phoenix x2  
  47  4:50  Assimilator  
  47  4:51  Assimilator  
  52  4:53  Probe x2, Observer  
  54  5:05  Probe x2  
  60  5:14  Immortal  
  49  7:52  Stalker  
  49  7:54  Adept  
  49  7:58  Phoenix x2  
  55  8:23  Phoenix x2  
  59  8:48  Phoenix x2  
Show
View Real Time Build Order
Export as new Build Order

MrFercho Zerg 

Build Orders: Hatch First 

Get SALT Encoding   

  12  0:01  Drone  
  13  0:14  Overlord  
  13  0:16  Drone  
  14  0:33  Drone x2  
  16  0:46  Drone  
  17  0:59  Drone  
  17  1:03  Hatchery  
  17  1:13  Spawning Pool  
  17  1:14  Drone  
  17  1:17  Drone  
  18  1:20  Drone  
  19  1:35  Extractor  
  18  1:51  Drone  
  19  1:57  Drone  
  20  2:05  Drone x2  
  22  2:16  Queen x2  
  22  2:17  Overlord  
  22  2:18  Drone  
  28  2:30  Drone  
  28  2:49  Drone x5  
  33  2:55  Queen  
  33  2:58  Lair  
  35  3:02  Drone  
  35  3:03  Overlord  
  36  3:09  Roach Warren  
  36  3:11  Drone  
  36  3:12  Evolution Chamber  
  35  3:13  Drone  
  36  3:23  Drone x2  
  38  3:28  Drone x3  
  41  3:35  Drone x3  
  44  3:44  Overlord x2  
  44  3:46  Zerg Missile Weapons Level 1  
  44  3:50  Overlord x2  
  42  4:09  Roach x3  
  46  4:10  Roach x3  
  39  4:39  Drone x6  
  39  4:40  Drone  
  46  4:53  Drone  
  46  4:54  Drone  
  48  5:07  Overlord  
  48  5:14  Drone x8, Extractor x2  
  48  5:20  Glial Reconstitution  
  54  5:41  Roach  
  54  5:42  Roach x5  
  65  6:03  Queen  
  48  6:18  Spore Crawler  
  48  6:20  Spore Crawler  
  44  6:26  Drone x6  
  44  6:27  Drone  
  43  6:37  Drone x4  
  43  6:38  Queen  
  42  6:48  Drone x2  
  44  6:54  Drone  
  44  6:55  Hatchery, Drone  
  44  6:56  Hatchery  
  36  7:30  Hydralisk Den, Drone x11  
  36  7:35  Queen  
  34  7:40  Zerg Missile Weapons Level 2  
  32  8:02  Overlord x4  
  32  8:03  Overlord  
  32  8:05  Drone x3  
  35  8:11  Hydralisk x3  
  41  8:17  Hydralisk  
  43  8:22  Muscular Augments  
  43  8:26  Spore Crawler  
  42  8:28  Spore Crawler, Drone x3  
  42  8:30  Spore Crawler, Drone x4  
  47  8:38  Evolution Chamber  
  47  8:41  Evolution Chamber  
  44  8:45  Roach  
  44  8:46  Roach x5  
  51  8:54  Roach x4  
  51  8:55  Roach x4  
  24  9:31  Hydralisk x9  
  44  9:41  Hydralisk Den  
Show
View Real Time Build Order
Export as new Build Order

Sebaa Terran - Winner!

Build Orders: Hellion Opening 

Get SALT Encoding   

  12  0:14  Supply Depot  
  12  0:20  SCV  
  13  0:24  Refinery  
  13  0:40  Barracks  
  13  0:48  SCV  
  14  1:10  Supply Depot  
  14  1:18  SCV, Refinery  
  15  1:30  SCV  
  16  1:34  Factory  
  16  1:42  SCV  
  17  1:50  Barracks Reactor  
  17  1:54  SCV  
  18  2:10  Orbital Command  
  18  2:39  Hellion x2  
  18  2:42  SCV  
  23  2:45  Barracks Tech Lab  
  23  2:47  Supply Depot  
  23  2:53  Starport  
  23  2:54  SCV  
  24  3:01  Hellion  
  26  3:06  Hellion  
  26  3:07  SCV  
  26  3:10  Marine  
  30  3:29  Marauder  
  32  3:36  Starport Reactor  
  32  3:40  Barracks  
  32  3:42  Hellion x2  
  32  3:46  SCV  
  37  3:49  Marine  
  38  4:07  Marine  
  31  4:33  Barracks Reactor  
  31  4:34  Medivac  
  31  4:35  Medivac  
  31  4:37  Marauder  
  37  4:41  Hellion  
  39  4:50  Hellion  
  41  4:54  Factory  
  41  5:02  Combat Shield  
  41  5:07  SCV  
  42  5:19  SCV  
  43  5:32  Command Center  
  41  5:48  Marine x2  
  43  5:50  Viking x2  
  47  6:08  Factory Tech Lab  
  41  6:38  Siege Tank  
  44  6:43  Liberator  
  44  6:44  Liberator  
  52  6:47  Marauder  
  52  6:48  Marine  
  53  6:58  Marine  
  54  7:05  Marine  
  55  7:09  Supply Depot  
  55  7:14  SCV  
  55  7:15  Supply Depot  
  56  7:16  Marine  
  57  7:26  SCV  
  58  7:48  Engineering Bay  
  58  7:49  Supply Depot  
  58  7:50  Siege Tank  
  61  7:53  Marine  
  61  7:54  Marauder, Marine  
  65  8:11  Marine  
  66  8:14  SCV  
  66  8:15  Marauder  
  66  8:18  Missile Turret  
  69  8:25  Supply Depot  
  69  8:26  SCV  
  70  8:39  SCV  
  69  8:51  SCV  
  69  9:03  SCV  
  61  9:46  SCV  
Show
View Real Time Build Order
Export as new Build Order

Hanzo Protoss - Winner!

Build Orders: Nexus First, Oracle Opening 

Get SALT Encoding   

  12  0:01  Probe  
  13  0:13  Probe  
  14  0:23  Pylon  
  14  0:26  Probe  
  15  0:41  Probe  
  16  0:52  Probe  
  17  1:00  Probe  
  17  1:01  Nexus  
  18  1:10  Probe  
  19  1:20  Gateway  
  19  1:22  Probe  
  20  1:29  Assimilator  
  20  1:39  Probe  
  20  1:44  Assimilator  
  20  1:46  Pylon  
  21  1:47  Probe  
  22  1:57  Probe  
  23  2:11  Probe  
  23  2:13  Probe  
  24  2:16  Cybernetics Core  
  24  2:21  Probe  
  25  2:23  Probe  
  27  2:31  Probe  
  27  2:33  Probe  
  29  2:41  Probe  
  29  2:42  Pylon  
  29  2:43  Probe  
  30  2:50  Probe  
  31  2:53  Warp Gate  
  31  2:54  Stargate  
  31  2:55  Probe  
  33  3:01  Probe  
  34  3:07  Probe  
  34  3:08  Gateway  
  35  3:13  Probe  
  36  3:22  Probe  
  36  3:24  Assimilator  
  36  3:26  Probe  
  37  3:32  Stargate  
  37  3:34  Probe  
  38  3:36  Pylon  
  38  3:39  Oracle  
  41  3:42  Probe, Assimilator  
  41  3:47  Pylon  
  42  3:49  Pylon  
  42  3:50  Probe  
  43  4:00  Probe  
  43  4:05  Pylon  
  44  4:12  Probe  
  44  4:16  Oracle  
  48  4:18  Void Ray  
  48  4:21  Gateway x2  
  52  4:37  Pylon  
  52  4:49  Gateway  
  52  4:50  Gateway  
  52  4:53  Void Ray  
  52  4:55  Twilight Council  
  52  4:59  Probe, Protoss Air Weapons Level 1  
  56  5:04  Void Ray  
  61  5:07  Probe  
  62  5:14  Forge  
  62  5:17  Probe  
  63  5:29  Probe  
  63  5:30  Pylon  
  63  5:32  Pylon  
  64  5:41  Probe, Nexus  
  65  6:21  Void Ray  
  65  6:22  Void Ray, Pylon  
  65  6:24  Pylon  
  70  6:26  Pylon  
  70  6:39  Protoss Shields Level 1  
  70  6:41  Probe, Stargate x2  
  68  6:50  Probe  
  68  6:53  Probe  
  70  6:58  Probe  
  70  6:59  Photon Cannon x2  
  70  7:02  Photon Cannon  
  70  7:03  Shield Battery  
  70  7:06  Shield Battery, Gateway  
  70  7:08  Probe  
  71  7:09  Shield Battery, Zealot  
  71  7:10  Zealot x2  
  71  7:11  Gateway  
  71  7:15  Gateway  
  78  7:22  Zealot x3  
  78  7:35  Charge  
  78  7:36  Void Ray x2  
  84  7:42  Zealot x3  
  84  7:43  Zealot  
  92  7:51  Probe  
  93  7:59  Probe  
  94  8:09  Probe  
  95  8:13  Zealot  
  95  8:14  Zealot x2  
  95  8:17  Assimilator  
  95  8:19  Templar Archives  
  101  8:20  Void Ray  
  101  8:21  Probe, Assimilator  
  106  8:33  Probe  
  107  8:36  Pylon  
  107  8:37  Pylon  
  107  8:40  Gateway  
  107  8:47  Probe  
  108  8:57  High Templar x2  
  108  8:58  High Templar x2  
  108  8:59  Void Ray, Probe  
  108  9:01  Void Ray  
  108  9:02  Archon x2  
  125  9:17  Probe  
  126  9:29  Probe  
  127  9:38  Nexus  
  127  9:39  Pylon  
  127  9:42  Pylon  
  136  9:56  Robotics Facility  
  136  9:58  Pylon  
  140  10:01  Pylon  
Tags
 
Add a new tag
Caveats
  • Supply blocks, unpowered buildings, or Contaminate may cause inaccurate times.
  • Supply counts are checked every 10 seconds.